AoeStats
← Mr. Penis

Arena

509320443Analyzed
4v4 RM · 5d ago on Sep 26, 2026· 39m 33s· 8 players
Game mode
Random Map
Map size
Large (8 player)
Population
200
Speed
Normal
Resources
Standard
Victory
Conquest
Starting age
Dark Age
Ending age
Imperial Age
RankedLock teamsTeams togetherTeam positionsShared explorationLock speedFull tech treeHidden civsTurbo modeCheats
Victory
Defeat
🇦🇷 Vietnamese · Argentina
1355
+16
🇷🇺 Japanese · Russia
1348
+16
🇪🇸 Tatars · Spain
1339
+16
🇷🇺 Jurchens · Russia
1317
+17
🇰🇷 Britons · South Korea
1442
-20
🇰🇷 Bohemians · South Korea
1400
-19
🇰🇷 Khmer · South Korea
1273
-13
🇰🇷 Romans · South Korea
1261
-13
dani_r_n
10:45 Feudal Age
14:36 Castle Age
13:05 Horse Collar
13:12 Double-Bit Axe
15:31 Bow Saw
15:36 Heavy Plow
19:31 Loom
20:57 Wheelbarrow
21:28 Gold Mining
23:23 Stone Mining
23:20 Town Watch
24:05 Hand Cart
25:07 Gold Shaft Mining
24:39 Loom
24:41 Town Watch
29:55 Imperial Age
27:44 Masonry
27:25 Fletching
27:36 Padded Archer Armor
27:38 Husbandry
27:49 Bloodlines
28:57 Ballistics
28:58 Bodkin Arrow
29:19 Leather Archer Armor
30:46 Bracer
31:51 Chemistry
31:20 Conscription
31:40 Crop Rotation
32:04 Ring Archer Armor
32:27 Timurid Siegecraft
33:19 Heavy Cavalry Archer
34:46 Silk Armor
34:16 Light Cavalry
35:03 Scale Barding Armor
35:09 Forging
36:39 Coinage
35:54 Hussar
37:58 Chain Barding Armor
37:50 Siege Engineers
40:06 Iron Casting
40:07 Plate Barding Armor
都挺好
10:07 Feudal Age
14:13 Castle Age
12:39 Double-Bit Axe
12:38 Horse Collar
15:29 Bow Saw
17:35 Heavy Plow
17:31 Fletching
19:10 Bodkin Arrow
20:59 Gold Mining
21:39 Padded Archer Armor
23:12 Leather Archer Armor
25:30 Loom
28:18 Imperial Age
26:21 Loom
28:35 Loom
29:08 Bracer
29:38 Ring Archer Armor
30:59 Hoardings
30:52 Town Watch
31:42 Wheelbarrow
33:17 Fortified Wall
38:30 Chemistry
38:20 Crop Rotation
39:08 Hand Cart
Mr. Penis
11:06 Feudal Age
14:41 Castle Age
12:56 Horse Collar
13:01 Double-Bit Axe
15:53 Bow Saw
17:00 Heavy Plow
18:37 Fervor
18:54 Loom
18:55 Town Watch
20:11 Wheelbarrow
21:47 Sanctity
22:45 Gold Mining
22:46 Stone Mining
24:26 Fortified Wall
25:15 Hand Cart
27:15 Gold Shaft Mining
27:16 Stone Shaft Mining
29:46 Imperial Age
27:36 Town Patrol
30:36 Scale Barding Armor
30:42 Forging
31:35 Crop Rotation
32:06 Two-Man Saw
31:35 Bloodlines
32:14 Chain Barding Armor
32:30 Iron Casting
31:45 Fletching
31:59 Husbandry
31:59 Elite Steppe Lancer
34:04 Conscription
36:49 Plate Barding Armor
39:34 Bodkin Arrow
40:52 Blast Furnace
petr.priv
10:56 Feudal Age
15:18 Castle Age
13:11 Double-Bit Axe
14:49 Horse Collar
27:08 Bow Saw
28:01 Wheelbarrow
28:06 Gold Mining
30:45 Stone Mining
32:11 Heavy Plow
33:11 Gold Shaft Mining
37:11 Imperial Age
35:58 Hand Cart
36:15 Scale Mail Armor
37:20 Elite Samurai
38:24 Squires
38:10 Arson
38:44 Chain Mail Armor
38:39 Forging
39:21 Kataparuto
39:23 Conscription
40:18 Plate Mail Armor
BaniWang
9:43 Feudal Age
11:11 Loom
14:04 Castle Age
12:06 Horse Collar
12:58 Double-Bit Axe
19:46 Bow Saw
20:12 Fervor
20:14 Heavy Plow
24:19 Wheelbarrow
23:56 Padded Archer Armor
25:09 Chemistry
27:34 Wagenburg Tactics
31:21 Imperial Age
29:31 Leather Archer Armor
29:44 Ballistics
30:09 Hand Cart
29:39 Town Watch
31:38 Houfnice
33:22 Two-Man Saw
33:54 Ring Archer Armor
33:14 Fletching
33:57 Ring Archer Armor
33:40 Masonry
33:43 Elite Skirmisher
34:32 Bodkin Arrow
36:09 Bracer
38:00 Conscription
Gustavsson
9:24 Feudal Age
8:39 Loom
17:07 Castle Age
15:24 Double-Bit Axe
15:21 Horse Collar
17:23 Gold Mining
19:45 Gold Shaft Mining
22:06 Bow Saw
22:30 Heavy Plow
23:14 Wheelbarrow
22:55 Stone Mining
25:15 Ballistics
30:39 Imperial Age
31:54 Conscription
34:10 Crop Rotation
34:47 Stone Shaft Mining
35:37 Chemistry
35:30 Heavy Scorpion
36:21 Siege Engineers
36:47 Double Crossbow
38:08 Coinage
남조선사람
9:55 Feudal Age
14:35 Castle Age
13:19 Double-Bit Axe
13:36 Horse Collar
22:42 Loom
24:22 Wheelbarrow
27:18 Imperial Age
25:13 Fletching
25:15 Gold Mining
25:55 Bodkin Arrow
26:00 Stone Mining
26:35 Ballistics
26:43 Padded Archer Armor
26:53 Town Watch
27:31 Bow Saw
28:00 Bracer
29:45 Chemistry
29:42 Leather Archer Armor
31:27 Elite Longbowman
32:31 Forging
32:21 Scale Mail Armor
32:36 Heavy Plow
33:29 Ring Archer Armor
32:41 Elite Skirmisher
33:56 Scale Mail Armor
34:06 Forging
35:12 Chain Mail Armor
34:23 Pikeman
35:04 Squires
35:33 Halberdier
35:45 Capped Ram
37:37 Caravan
38:30 Iron Casting
39:09 Plate Mail Armor
Goembal
0:30 Loom
10:47 Feudal Age
11:26 Double-Bit Axe
15:53 Castle Age
14:07 Horse Collar
23:25 Fletching
25:29 Bodkin Arrow
36:07 Wheelbarrow
35:18 Town Watch
38:40 Wheelbarrow
Connection lost

Rejoining the realm…

Still unreachable

The connection could not be restored.

Session expired

The server has moved on; the page needs a fresh start.